 Dungeon Crawl Stone Soup version 0.31-a0-152-g6aa68a64a1 (webtiles) character file.

Game seed: 13870968474409754967

31691 qw the Blocker (level 13, -2/80 HPs)
             Began as a Gargoyle Fighter on June 10, 2023.
             Was an Elder of Okawaru.
             Slain by a six-headed hydra (8 damage)
             ... on level 4 of the Lair of Beasts.
             The game lasted 00:07:37 (14562 turns).

qw the Blocker (Gargoyle Fighter)                  Turns: 14562, Time: 00:07:38

Health: -2/80      AC: 36    Str: 26    XL:     13   Next: 59%
Magic:  19/20      EV:  8    Int: 11    God:    Okawaru [****..]
Gold:   941        SH: 19    Dex:  9    Spells: 12/12 levels left

rFire   + . .        u - +0 morningstar
rCold   . . .        k - +0 tower shield
rNeg    + . .        s - +0 plate armour
rPois   inf          m - +2 hat of Indecent Exposure {Int+3 SInv}
rElec   +            (no cloak)
rCorr   .            b - +2 pair of gloves
SInv    +            y - +0 pair of boots
Will    .....        n - amulet of faith Stlth
                     i - +4 ring of protection
HPRegen 0.33/turn    q - ring of protection from fire
MPRegen 0.17/turn

%: faith
@: heroic
A: sickness immunity, AC +9, negative energy resistance 1, electricity
resistance, torment resistance 1, petrification resistance
a: Renounce Religion, Heroism, Finesse


You were on level 4 of the Lair of Beasts.
You worshipped Okawaru.
Okawaru was greatly pleased with you.
You visited 3 branches of the dungeon, and saw 15 of its levels.
You also visited: Gauntlet.

You collected 941 gold pieces.


Innate Abilities, Weirdness & Mutations

You are immune to sickness and miasma.
Your stone body is resilient. (AC +9)
You are immune to poison.
You resist negative energy. (rN+)
You are resistant to electric shocks. (rElec)
You are resistant to unholy torment.
You are immune to petrification.


   Skills:
 - Level 9.5(14.5) Fighting
 - Level 12.0(17.0) Axes
 - Level 3.1(8.1) Throwing
 - Level 8.0(13.0) Armour
 + Level 1.4(6.4) Dodging
 - Level 14.0(19.0) Shields
 - Level 10.0 Invocations


You had 12 spell levels left.
You didn't know any spells.
Your spell library was empty.

Inventory:

Hand Weapons
 u - a +0 morningstar (weapon)
 v - a +0 antimagic morningstar
 Y - a +3 broad axe of venom
Missiles
 p - 3 javelins (quivered)
 t - 2 boomerangs
Armour
 b - a +2 pair of gloves (worn)
 k - a +0 tower shield (worn)
 l - a +1 helmet
 m - the +2 hat of Indecent Exposure (worn) {Int+3 SInv}
   (You found it in a Gauntlet)

   Int:       It affects your intelligence (+3).
   SInv:      It lets you see invisible.
 s - a +0 plate armour (worn)
 y - a +0 pair of boots (worn)
Jewellery
 c - the amulet of Jopafo {Reflect rC+ SH+5}
   (You found it in a Gauntlet)

   [amulet of reflection]

   It reflects blocked missile attacks.
   rC:        It protects you from cold.
   SH:        It affects your SH (+5).
 i - a +4 ring of protection (left hand)
 n - an amulet of faith (around neck)
 q - a ring of protection from fire (right hand)
 w - a ring of resist corrosion
Wands
 o - a wand of digging (5)
Scrolls
 a - 6 scrolls of teleportation
 f - 10 scrolls of identify
Potions
 d - a potion of might
 e - 3 potions of haste
 g - a potion of attraction
 h - 2 potions of heal wounds
 j - a potion of lignification
 r - 3 potions of magic

Dungeon Overview and Level Annotations

Branches:
Dungeon (10/15)            Temple (1/1) D:5            Lair (4/5) D:10
 Shoals (0/4) Lair:2        Snake (0/4) Lair:2      Gauntlet (visited)
  Slime: Lair:4-5       Orc: D:9-12

Altars:
Ashenzari
Cheibriados
Dithmenos
Elyvilon
Fedhas
Gozag
Hepliaklqana
Kikubaaqudgha
Makhleb
Nemelex Xobeh
Okawaru
Qazlal
Ru
Sif Muna
Trog
Uskayaw
Vehumet
Wu Jian
Xom
Yredelemnul
Zin
The Shining One

Annotations:
D:7 2 transporters, qw's ghost, novice MiHu
D:8 3 runed translucent doors, qw's ghost, novice NaHu
D:10 4 runed translucent doors, qw's ghost, journeyman NaHu


Message History

The black mamba closely misses you.
The cane toad stings you but does no damage.
The skyshark bites you but does no damage.
You block the skyshark's attack.
The skyshark tail-slaps you but does no damage.
You block the six-headed hydra's attack. x2
The six-headed hydra bites you but does no damage.
The six-headed hydra barely misses you.
The six-headed hydra bites you but does no damage.
The six-headed hydra closely misses you.
The black mamba bites you.
The cane toad stings you but does no damage.
You completely miss the six-headed hydra.
The six-headed hydra is heavily wounded.
You block the skyshark's attack.
The skyshark tail-slaps you but does no damage. x2
The black mamba bites you!
You block the five-headed hydra's attack.
The five-headed hydra bites you but does no damage.
You block the five-headed hydra's attack. x2
The five-headed hydra bites you but does no damage.
The six-headed hydra closely misses you.
The six-headed hydra bites you!
You block the six-headed hydra's attack.
The six-headed hydra bites you but does no damage.
The six-headed hydra barely misses you.
The six-headed hydra bites you but does no damage.
You hit the six-headed hydra.
The six-headed hydra is heavily wounded.
The black mamba bites you. The cane toad stings you!
You block the water moccasin's attack. The skyshark bites you!
You block the skyshark's attack. x2; The black mamba closely misses you.
The five-headed hydra bites you but does no damage. x2
The five-headed hydra closely misses you.
You block the five-headed hydra's attack. x2
The six-headed hydra bites you but does no damage.
The six-headed hydra barely misses you. The six-headed hydra bites you.
The six-headed hydra bites you but does no damage.
The six-headed hydra bites you!
You die...

........(
.....8...
##.......
###......#
##...8....###
8.#............
.$...Y.Dl......
>....8Y@D8..8..
......SSF......
8.##..Y........
##..8..####.
##..... ##.....
##...8. #.....


You could see a skyshark, a six-headed hydra, a five-headed hydra, 3 elephants,
a black mamba, a cane toad and a water moccasin.

Vanquished Creatures
  A minotaur (Gauntlet)
  2 hydras
  A centaur warrior (D:9)
  Erica (D:9)
  3 two-headed ogres (D:9)
  Nergalle (Lair:3)
  An ugly thing (D:8)
  2 black mambas (Lair:1)
  A guardian serpent (Lair:2)
  A merfolk siren (Lair:2)
  A gargoyle (D:8)
  2 minotaur zombies (Gauntlet)
  10 cane toads
  A rime drake (Lair:2)
  An efreet (Gauntlet)
  An ice devil (Gauntlet)
  6 komodo dragons
  A troll (D:9)
  A hornet (D:8)
  A polar bear (Lair:2)
  A queen bee (Gauntlet)
  Grinder (D:3)
  16 blink frogs
  A wraith (D:9)
  5 wyverns
  A shadow (D:8)
  40 yaks
  A basilisk (Lair:2)
  2 fire elementals (Gauntlet)
  3 steam dragons
  2 chaos spawn (D:9)
  4 vampire mosquitoes (D:8)
  Menkaure (D:5)
  An acid dragon (D:8)
  11 water moccasins
  2 sky beasts
  A hell hound (Gauntlet)
  4 ice beasts
  A black bear (D:7)
  10 wolves
  An ogre (D:5)
  2 centaurs
  Blork the orc (D:4)
  A kobold brigand (D:9)
  11 bullfrogs
  2 gnoll sergeants
  5 scorpions
  8 wights
  10 killer bees
  An electric eel (Lair:1)
  7 hounds
  2 gnoll boudas
  4 iguanas (D:4)
  Ijyb (D:3)
  Natasha (thrice) (D:4)
  7 orc wizards
  28 gnolls
  9 adders
  3 white imps
  5 worms
  A dart slug (D:3)
  31 orcs
  An endoplasm (D:1)
  3 giant cockroaches
  10 hobgoblins
  5 jackals
  4 quokkas
  3 ball pythons
  6 bats
  5 frilled lizards
  6 goblins
  A goblin zombie (D:10)
  A jackal zombie (D:10)
  5 kobolds
  4 rats
344 creatures vanquished.

Notes
Turn   | Place    | Note
-------+----------+-------------------------------------------
     0 | D:1      | qw the Gargoyle Fighter began the quest for the Orb.
     0 | D:1      | Reached XP level 1. HP: 14/14 MP: 1/1
     0 | D:1      | 0 ||| qw: Version: 0.2-a-123-gb51047a
     0 | D:1      | 0 ||| qw: Game counter: 3727
     0 | D:1      | 0 ||| qw: Always use a shield: true
     0 | D:1      | 0 ||| qw: God list: Okawaru
     0 | D:1      | 0 ||| qw: Allow faded altars: false
     0 | D:1      | 0 ||| qw: Do Orc after D:15 true
     0 | D:1      | 0 ||| qw: Do second Lair branch before Depths: true
     0 | D:1      | 0 ||| qw: Lair rune preference: random
     0 | D:1      | 0 ||| qw: Plans: Normal, Zot:1-4, Slime:5, God:TSO, Crypt,
                  | Tomb, Abyss, Pan, Hells, Win
     0 | D:1      | 0 ||| PLANNING D:1-11
    11 | D:1      | 11 ||| Stepping ~*~*~tactically~*~*~ (hiding).
    12 | D:1      | 12 ||| Stepping ~*~*~tactically~*~*~ (hiding).
   173 | D:1      | 173 ||| Stepping ~*~*~tactically~*~*~ (stealth).
   187 | D:1      | Reached XP level 2. HP: 19/19 MP: 2/2
   549 | D:1      | 549 ||| UPGRADING to +0 chain mail.
   559 | D:1      | 559 ||| DROPPING +0 scale mail.
   560 | D:1      | 560 ||| UPGRADING to +4 ring of protection.
   561 | D:1      | 561 ||| READING 2 scrolls labelled BOAJASTRYPU.
   566 | D:1      | 566 ||| READING scroll labelled OGUEPP SIAC.
   606 | D:2      | 606 ||| STAIRDANCE
   653 | D:2      | Reached skill level 3 in Axes
   673 | D:2      | Reached XP level 3. HP: 23/23 MP: 3/3
   786 | D:2      | 786 ||| Stepping ~*~*~tactically~*~*~ (hiding).
   897 | D:2      | 897 ||| Stepping ~*~*~tactically~*~*~ (stealth).
   903 | D:2      | 903 ||| Stepping ~*~*~tactically~*~*~ (stealth).
   904 | D:2      | 904 ||| Stepping ~*~*~tactically~*~*~ (stealth).
  1116 | D:2      | 1116 ||| Stepping ~*~*~tactically~*~*~ (stealth).
  1120 | D:2      | 1120 ||| Stepping ~*~*~tactically~*~*~ (stealth).
  1122 | D:2      | 1122 ||| Stepping ~*~*~tactically~*~*~ (stealth).
  1166 | D:2      | 1166 ||| DROPPING +0 whip.
  1281 | D:2      | Reached XP level 4. HP: 28/28 MP: 4/4
  1376 | D:2      | 1376 ||| UPGRADING to +0 pair of gloves.
  1381 | D:2      | 1381 ||| READING scroll labelled KUHULAYGAD.
  1382 | D:2      | 1382 ||| READING scroll labelled KOIMMO PO XARA.
  1383 | D:2      | 1383 ||| DRINKING 2 puce potions.
  1388 | D:3      | Noticed Grinder
  1395 | D:3      | Paralysed by Grinder for 2 turns
  1399 | D:3      | Paralysed by Grinder for 5 turns
  1409 | D:3      | Killed Grinder
  1410 | D:3      | Reached XP level 5. HP: 28/32 MP: 5/5
  1410 | D:3      | Reached XP level 6. HP: 33/37 MP: 6/6
  1507 | D:3      | 1507 ||| Stepping ~*~*~tactically~*~*~ (stealth).
  1516 | D:3      | 1516 ||| DROPPING +0 whip of freezing.
  1560 | D:3      | 1560 ||| Stepping ~*~*~tactically~*~*~ (stealth).
  1577 | D:3      | 1577 ||| Stepping ~*~*~tactically~*~*~ (hiding).
  1581 | D:3      | 1581 ||| Stepping ~*~*~tactically~*~*~ (hiding).
  1582 | D:3      | 1582 ||| Stepping ~*~*~tactically~*~*~ (hiding).
  1593 | D:3      | Reached skill level 1 in Throwing
  1607 | D:3      | 1607 ||| Stepping ~*~*~tactically~*~*~ (stealth).
  1810 | D:3      | Noticed Ijyb
  1830 | D:3      | Killed Ijyb
  2209 | D:3      | 2209 ||| UPGRADING to amulet of faith.
  2214 | D:3      | 2214 ||| DROPPING ring of magical power.
  2215 | D:3      | 2215 ||| READING scroll labelled LAEGIN PISAFYT.
  2283 | D:4      | Noticed Blork the orc
  2297 | D:4      | Killed Blork the orc
  2298 | D:4      | Reached skill level 6 in Axes
  2298 | D:4      | Reached XP level 7. HP: 36/43 MP: 7/7
  2298 | D:4      | 2298 ||| FLEEEEING.
  2299 | D:4      | 2299 ||| FLEEEEING.
  2300 | D:4      | 2300 ||| STAIRDANCE
  2349 | D:4      | 2349 ||| Stepping ~*~*~tactically~*~*~ (stealth).
  2352 | D:4      | 2352 ||| Stepping ~*~*~tactically~*~*~ (stealth).
  2364 | D:4      | 2364 ||| FLEEEEING.
  2365 | D:4      | 2365 ||| FLEEEEING.
  2367 | D:4      | 2367 ||| FLEEEEING.
  2368 | D:4      | 2368 ||| FLEEEEING.
  2374 | D:4      | Reached skill level 1 in Dodging
  2417 | D:4      | 2417 ||| Stepping ~*~*~tactically~*~*~ (stealth).
  2521 | D:4      | Noticed Natasha
  2522 | D:4      | 2522 ||| Stepping ~*~*~tactically~*~*~ (hiding).
  2537 | D:4      | Killed Natasha
  2675 | D:4      | Found an ornate altar of the Wu Jian Council.
  2688 | D:4      | Found a sparkling altar of Nemelex Xobeh.
  2778 | D:4      | Noticed Natasha
  2779 | D:4      | 2779 ||| Stepping ~*~*~tactically~*~*~ (hiding).
  2793 | D:4      | Killed Natasha
  2944 | D:4      | Noticed Natasha
  2946 | D:4      | 2946 ||| Stepping ~*~*~tactically~*~*~ (hiding).
  2955 | D:4      | Killed Natasha
  3030 | D:4      | 3030 ||| UPGRADING to +0 plate armour.
  3040 | D:4      | 3040 ||| DROPPING +0 chain mail.
  3041 | D:4      | 3041 ||| READING 2 scrolls of identify.
  3041 | D:4      | 3041 ||| IDENTIFYING ruby potion
  3043 | D:5      | Entered Level 5 of the Dungeon
  3057 | D:5      | Reached XP level 8. HP: 49/49 MP: 8/8
  3421 | D:5      | Noticed Menkaure
  3427 | D:5      | Killed Menkaure
  3892 | D:5      | Reached skill level 6 in Fighting
  3909 | D:5      | You fall into a shaft and drop 2 floors!
  3922 | D:7      | Noticed qw's ghost (novice MiHu)
  3931 | D:7      | Found a transporter.
  3951 | D:7      | 3951 ||| READING 2 scrolls labelled IZXOTA XEASASU.
  3952 | D:7      | 3952 ||| READING scroll labelled UTUFUACULI.
  3953 | D:7      | 3953 ||| DROPPING scroll of fear.
  3954 | D:7      | Found a transporter.
  3964 | D:6      | 3964 ||| FLEEEEING.
  3965 | D:6      | 3965 ||| FLEEEEING.
  3966 | D:6      | 3966 ||| FLEEEEING.
  3967 | D:6      | 3967 ||| FLEEEEING.
  3968 | D:6      | 3968 ||| STAIRDANCE
  4136 | D:5      | Found a staircase to the Ecumenical Temple.
  4137 | D:5      | 4137 ||| PLANNING TEMPLE
  4142 | Temple   | Entered the Ecumenical Temple
  4153 | Temple   | 4153 ||| PLANNING OKAWARU WORSHIP
  4310 | Temple   | Became a worshipper of Warmaster Okawaru
  4310 | Temple   | 4310 ||| PLANNING D:1-11
  4418 | D:6      | 4418 ||| Stepping ~*~*~tactically~*~*~ (hiding).
  4452 | D:6      | Reached XP level 9. HP: 55/55 MP: 9/9
  4946 | D:6      | Reached skill level 9 in Axes
  4954 | D:6      | Reached * piety under Okawaru
  4955 | D:6      | Reached skill level 4 in Shields
  4955 | D:6      | 4955 ||| INVOKING Heroism.
  5039 | D:6      | 5039 ||| Stepping ~*~*~tactically~*~*~ (stealth).
  5413 | D:6      | 5413 ||| UPGRADING to +0 pair of boots.
  5418 | D:6      | 5418 ||| READING scroll labelled PINAPH BUWAUTSIRO.
  5419 | D:6      | 5419 ||| READING scroll labelled AVEMIM IBUBLYI.
  5420 | D:6      | 5420 ||| READING scroll labelled UMNIDU NAETOLL.
  5421 | D:6      | 5421 ||| READING scroll labelled JAWKA TODE.
  5422 | D:6      | 5422 ||| DRINKING 3 smoky green potions.
  5423 | D:6      | 5423 ||| DROPPING 2 potions of degeneration.
  5489 | D:7      | Reached skill level 1 in Invocations
  5612 | D:7      | 5612 ||| DROPPING +0 flail.
  5653 | D:7      | 5653 ||| Stepping ~*~*~tactically~*~*~ (hiding).
  5666 | D:7      | Reached skill level 6 in Armour
  5701 | D:7      | Reached skill level 3 in Invocations
  5704 | D:7      | 5704 ||| INVOKING Heroism.
  5860 | D:7      | Found a hazy altar of Hepliaklqana.
  5860 | D:7      | Found a radiant altar of Vehumet.
  5905 | D:7      | 5905 ||| INVOKING Heroism.
  6206 | D:7      | 6206 ||| READING scroll labelled TOFIUR PEECVOB.
  6207 | D:7      | 6207 ||| READING scroll labelled ESAIMASUCW.
  6208 | D:7      | 6208 ||| DRINKING 2 fizzy sapphire potions.
  6245 | D:7      | 6245 ||| DRINKING 2 purple potions.
  6246 | D:7      | 6246 ||| READING 6 scrolls of identify.
  6246 | D:7      | 6246 ||| IDENTIFYING yellow potion
  6247 | D:7      | 6247 ||| READING 5 scrolls of identify.
  6247 | D:7      | 6247 ||| IDENTIFYING orange potion
  6248 | D:7      | 6248 ||| READING 4 scrolls of identify.
  6248 | D:7      | 6248 ||| IDENTIFYING lumpy red potion
  6249 | D:7      | 6249 ||| DROPPING potion of enlightenment.
  6250 | D:7      | 6250 ||| DROPPING potion of ambrosia.
  6271 | D:8      | 6271 ||| INVOKING Heroism.
  6277 | D:8      | 6277 ||| Stepping ~*~*~tactically~*~*~ (cloud).
  6342 | D:8      | Found an opulent altar of Gozag.
  6373 | D:8      | 6373 ||| Stepping ~*~*~tactically~*~*~ (hiding).
  6469 | D:8      | Found a shimmering blue altar of Sif Muna.
  6522 | D:8      | Reached ** piety under Okawaru
  6523 | D:8      | Reached XP level 10. HP: 60/63 MP: 13/13
  6603 | D:8      | 6603 ||| Stepping ~*~*~tactically~*~*~ (stealth).
  6642 | D:8      | Identified the +0 chain mail of Vadenu {rElec rF+ Will+
                  | Stlth-}
  6748 | D:8      | Noticed qw's ghost (novice NaHu)
  6749 | D:8      | Found a runed translucent gate.
  6749 | D:8      | Found a runed translucent gate.
  6749 | D:8      | Found a runed translucent gate.
  6750 | D:8      | Identified the +8 long sword "Meruc" {freeze, rF- rN+
                  | Int+5}
  6776 | D:8      | 6776 ||| DRINKING potion of curing.
  6776 | D:8      | 6776 ||| (to cure confusion)
  6901 | D:8      | Noticed a purple ugly thing
  6908 | D:8      | 6908 ||| INVOKING Heroism.
  6912 | D:8      | Killed a purple ugly thing
  6915 | D:8      | 6915 ||| Stepping ~*~*~tactically~*~*~ (stealth).
  6985 | D:8      | Noticed a gargoyle
  6995 | D:8      | 6995 ||| INVOKING Heroism.
  7002 | D:8      | Killed a gargoyle
  7167 | D:8      | 7167 ||| INVOKING Heroism.
  7173 | D:8      | Reached skill level 5 in Shields
  7305 | D:8      | Reached *** piety under Okawaru
  7327 | D:8      | 7327 ||| Stepping ~*~*~tactically~*~*~ (stealth).
  7343 | D:8      | 7343 ||| Stepping ~*~*~tactically~*~*~ (stealth).
  7344 | D:8      | 7344 ||| Stepping ~*~*~tactically~*~*~ (stealth).
  7345 | D:8      | 7345 ||| INVOKING Heroism.
  7370 | D:8      | 7370 ||| INVOKING Heroism.
  7694 | D:8      | 7694 ||| READING 2 scrolls labelled OWUTUOJ MILL.
  7695 | D:8      | 7695 ||| READING scroll of enchant armour.
  7695 | D:8      | 7695 ||| ENCHANTING +0 pair of gloves.
  8021 | D:9      | Noticed a two-headed ogre
  8022 | D:9      | 8022 ||| INVOKING Heroism.
  8030 | D:9      | Noticed a two-headed ogre
  8032 | D:9      | Killed a two-headed ogre
  8032 | D:9      | Reached **** piety under Okawaru
  8033 | D:9      | Reached skill level 9 in Fighting
  8033 | D:9      | Reached XP level 11. HP: 38/71 MP: 12/14
  8048 | D:9      | Killed a two-headed ogre
  8240 | D:9      | Noticed Erica
  8241 | D:9      | 8241 ||| INVOKING Heroism.
  8254 | D:9      | Killed Erica
  8477 | D:9      | 8477 ||| INVOKING Heroism.
  8480 | D:9      | Reached skill level 6 in Invocations
  8484 | D:9      | Reached ***** piety under Okawaru
  8594 | D:9      | Noticed a centaur warrior
  8595 | D:9      | 8595 ||| Stepping ~*~*~tactically~*~*~ (hiding).
  8596 | D:9      | 8596 ||| Stepping ~*~*~tactically~*~*~ (hiding).
  8597 | D:9      | 8597 ||| Stepping ~*~*~tactically~*~*~ (hiding).
  8598 | D:9      | 8598 ||| Stepping ~*~*~tactically~*~*~ (hiding).
  8599 | D:9      | 8599 ||| Stepping ~*~*~tactically~*~*~ (hiding).
  8600 | D:9      | 8600 ||| Stepping ~*~*~tactically~*~*~ (hiding).
  8601 | D:9      | 8601 ||| Stepping ~*~*~tactically~*~*~ (hiding).
  8602 | D:9      | 8602 ||| Stepping ~*~*~tactically~*~*~ (hiding).
  8603 | D:9      | 8603 ||| Stepping ~*~*~tactically~*~*~ (hiding).
  8604 | D:9      | 8604 ||| Stepping ~*~*~tactically~*~*~ (hiding).
  8605 | D:9      | 8605 ||| Stepping ~*~*~tactically~*~*~ (hiding).
  8613 | D:9      | 8613 ||| INVOKING Heroism.
  8620 | D:9      | Killed a centaur warrior
  8720 | D:9      | Noticed a two-headed ogre
  8721 | D:9      | 8721 ||| INVOKING Heroism.
  8732 | D:9      | Killed a two-headed ogre
  8888 | D:9      | Found a shimmering altar of Xom.
  8889 | D:9      | Found the +7 mace of Variability {chaos, chaos arc}
  9083 | D:9      | Found a stormy altar of Qazlal.
  9106 | D:9      | Found a broken altar of Ashenzari.
  9334 | D:9      | 9334 ||| READING scroll labelled TEWALLE ROPU.
  9335 | D:9      | 9335 ||| READING 6 scrolls of identify.
  9335 | D:9      | 9335 ||| IDENTIFYING fuming puce potion
  9336 | D:9      | 9336 ||| DROPPING potion of brilliance.
  9393 | D:10     | Entered Level 10 of the Dungeon
  9400 | D:10     | Found a staircase to the Lair.
  9410 | D:10     | Found a runed translucent gate.
  9410 | D:10     | Found a runed translucent gate.
  9410 | D:10     | Found a runed translucent gate.
  9505 | D:10     | Found a hide-covered altar of Uskayaw.
  9579 | D:10     | Found a shimmering altar of Xom.
  9664 | D:10     | Reached skill level 12 in Axes
  9669 | D:10     | Received a gift from Okawaru
  9691 | D:10     | 9691 ||| Stepping ~*~*~tactically~*~*~ (stealth).
  9727 | D:10     | 9727 ||| Stepping ~*~*~tactically~*~*~ (stealth).
  9728 | D:10     | 9728 ||| Stepping ~*~*~tactically~*~*~ (stealth).
  9730 | D:10     | 9730 ||| Stepping ~*~*~tactically~*~*~ (stealth).
  9731 | D:10     | 9731 ||| Stepping ~*~*~tactically~*~*~ (stealth).
  9739 | D:10     | 9739 ||| READING scroll of brand weapon.
  9739 | D:10     | 9739 ||| BRANDING +1 war axe of protection.
  9746 | D:10     | 9746 ||| SWAPPING to +2 broad axe of freezing.
  9747 | D:10     | 9747 ||| DROPPING +1 war axe of freezing.
  9797 | D:10     | Noticed qw's ghost (journeyman NaHu)
  9803 | D:10     | Noticed an ogre mage
  9872 | D:10     | Found a runed translucent door.
  9876 | D:10     | Found a basalt altar of Yredelemnul.
  9965 | D:10     | 9965 ||| PLANNING LAIR
  9965 | D:10     | 9965 ||| UPGRADING to +0 tower shield.
  9975 | D:10     | 9975 ||| DROPPING +0 buckler.
  9976 | D:10     | 9976 ||| UPGRADING to +1 helmet.
  9999 | Lair:1   | Entered Level 1 of the Lair of Beasts
 10000 | Lair:1   | 10000 ||| INVOKING Heroism.
 10028 | Lair:1   | 10028 ||| INVOKING Heroism.
 10035 | Lair:1   | Reached XP level 12. HP: 76/76 MP: 16/18
 10067 | Lair:1   | 10067 ||| INVOKING Heroism.
 10135 | Lair:1   | Reached skill level 6 in Shields
 10203 | Lair:1   | 10203 ||| INVOKING Heroism.
 10206 | Lair:1   | Reached skill level 9 in Invocations
 10318 | Lair:1   | 10318 ||| Stepping ~*~*~tactically~*~*~ (stealth).
 10470 | Lair:1   | 10470 ||| INVOKING Heroism.
 10510 | Lair:1   | 10510 ||| Stepping ~*~*~tactically~*~*~ (stealth).
 10521 | Lair:1   | Reached skill level 7 in Shields
 10521 | Lair:1   | 10521 ||| READING scroll of brand weapon.
 10521 | Lair:1   | 10521 ||| BRANDING +2 broad axe of freezing.
 10537 | Lair:1   | Identified the +4 spear "Lep Wote" {venom, *Slow Fragile
                  | Will+ Int+10}
 10754 | Lair:1   | 10754 ||| Stepping ~*~*~tactically~*~*~ (water).
 10934 | Lair:1   | 10934 ||| DROPPING scarf of invisibility.
 10935 | Lair:1   | 10935 ||| READING scroll labelled DOESUOTUTY.
 11003 | Lair:2   | Found a gate leading to a gauntlet.
 11004 | Lair:2   | 11004 ||| PLANNING GAUNTLET
 11004 | Lair:2   | 11004 ||| INVOKING Heroism.
 11110 | Gauntlet | Entered a Gauntlet
 11110 | Gauntlet | Found a transporter.
 11119 | Gauntlet | Found a transporter.
 11134 | Gauntlet | Found a transporter.
 11139 | Gauntlet | Found a transporter.
 11158 | Gauntlet | Found a transporter.
 11173 | Gauntlet | Found a transporter.
 11185 | Gauntlet | Found a transporter.
 11191 | Gauntlet | Found a transporter.
 11193 | Gauntlet | Found a transporter.
 11210 | Gauntlet | Found a transporter.
 11216 | Gauntlet | Found a transporter.
 11235 | Gauntlet | Found a transporter.
 11247 | Gauntlet | Found a transporter.
 11253 | Gauntlet | Found a transporter.
 11253 | Gauntlet | Found a transporter.
 11296 | Gauntlet | Found a transporter.
 11321 | Gauntlet | Found a transporter.
 11323 | Gauntlet | Found a transporter.
 11574 | Gauntlet | Identified the amulet of Jopafo {Reflect rC+ SH+5}
 11597 | Gauntlet | 11597 ||| INVOKING Heroism.
 11607 | Gauntlet | Reached skill level 8 in Shields
 11771 | Gauntlet | 11771 ||| INVOKING Heroism.
 11857 | Gauntlet | 11857 ||| INVOKING Heroism.
 11959 | Gauntlet | Identified the +2 hat of Indecent Exposure {Int+3 SInv}
 11963 | Gauntlet | 11963 ||| UPGRADING to +2 hat of Indecent Exposure {Int+3
                  | SInv}.
 11983 | Gauntlet | Noticed a minotaur
 11984 | Gauntlet | 11984 ||| INVOKING Heroism.
 11985 | Gauntlet | 11985 ||| INVOKING Finesse.
 12001 | Gauntlet | Killed a minotaur
 12002 | Gauntlet | Reached skill level 9 in Shields
 12100 | Gauntlet | 12100 ||| READING scroll of enchant armour.
 12100 | Gauntlet | 12100 ||| ENCHANTING +1 pair of gloves.
 12109 | Gauntlet | Identified the +5 rapier "Death Rattle" {heavy, Str+3 Int+4
                  | Dex+5 Stlth-}
 12124 | Gauntlet | 12124 ||| INVOKING Heroism.
 12271 | Gauntlet | 12271 ||| UPGRADING to ring of protection from fire.
 12276 | Lair:2   | 12276 ||| PLANNING LAIR
 12402 | Lair:2   | 12402 ||| READING scroll of enchant weapon.
 12402 | Lair:2   | 12402 ||| ENCHANTING +2 broad axe of protection.
 12442 | Lair:2   | Reached skill level 10 in Shields
 12445 | Lair:2   | Identified the +0 buckler of the Demon Prince {+Inv rF+}
                  | (Okawaru gifted it to you on level 2 of the Lair of Beasts)
 12445 | Lair:2   | Received a gift from Okawaru
 12470 | Lair:2   | 12470 ||| Stepping ~*~*~tactically~*~*~ (hiding).
 12545 | Lair:2   | 12545 ||| INVOKING Heroism.
 12668 | Lair:2   | Found a staircase to the Snake Pit.
 12684 | Lair:2   | 12684 ||| Stepping ~*~*~tactically~*~*~ (stealth).
 12687 | Lair:2   | 12687 ||| Stepping ~*~*~tactically~*~*~ (stealth).
 12694 | Lair:2   | 12694 ||| INVOKING Heroism.
 12710 | Lair:2   | Reached skill level 11 in Shields
 12712 | Lair:2   | 12712 ||| Stepping ~*~*~tactically~*~*~ (stealth).
 12714 | Lair:2   | 12714 ||| Stepping ~*~*~tactically~*~*~ (stealth).
 12723 | Lair:2   | 12723 ||| Stepping ~*~*~tactically~*~*~ (stealth).
 12824 | Lair:2   | Noticed an eight-headed hydra
 12825 | Lair:2   | 12825 ||| INVOKING Heroism.
 12827 | Lair:2   | 12827 ||| SWAPPING to +0 morningstar.
 12833 | Lair:2   | Killed an eight-headed hydra
 12834 | Lair:2   | Reached XP level 13. HP: 51/80 MP: 18/20
 12834 | Lair:2   | 12834 ||| SWAPPING to +3 broad axe of protection.
 12931 | Lair:2   | 12931 ||| INVOKING Heroism.
 13038 | Lair:2   | Found a staircase to the Shoals.
 13160 | Lair:2   | 13160 ||| INVOKING Heroism.
 13165 | Lair:2   | Reached skill level 3 in Throwing
 13293 | Lair:2   | 13293 ||| Stepping ~*~*~tactically~*~*~ (stealth).
 13295 | Lair:2   | 13295 ||| Stepping ~*~*~tactically~*~*~ (stealth).
 13298 | Lair:2   | 13298 ||| Stepping ~*~*~tactically~*~*~ (stealth).
 13312 | Lair:2   | Reached skill level 12 in Shields
 13521 | Lair:3   | 13521 ||| Stepping ~*~*~tactically~*~*~ (stealth).
 13539 | Lair:3   | 13539 ||| Stepping ~*~*~tactically~*~*~ (stealth).
 13611 | Lair:3   | 13611 ||| Stepping ~*~*~tactically~*~*~ (stealth).
 13746 | Lair:3   | 13746 ||| READING scroll of brand weapon.
 13746 | Lair:3   | 13746 ||| BRANDING +3 broad axe of protection.
 13774 | Lair:3   | 13774 ||| INVOKING Heroism.
 13779 | Lair:3   | 13779 ||| SWAPPING to +0 morningstar.
 13793 | Lair:3   | 13793 ||| SWAPPING to +3 broad axe of venom.
 13799 | Lair:3   | Noticed Nergalle
 13810 | Lair:3   | Killed Nergalle
 13811 | Lair:3   | Reached skill level 13 in Shields
 13893 | Lair:3   | 13893 ||| INVOKING Heroism.
 13919 | Lair:3   | 13919 ||| Stepping ~*~*~tactically~*~*~ (stealth).
 14031 | Lair:3   | 14031 ||| INVOKING Heroism.
 14152 | Lair:3   | 14152 ||| Stepping ~*~*~tactically~*~*~ (stealth).
 14376 | Lair:3   | 14376 ||| INVOKING Heroism.
 14476 | Lair:3   | Reached skill level 14 in Shields
 14553 | Lair:4   | 14553 ||| INVOKING Heroism.
 14555 | Lair:4   | 14555 ||| SWAPPING to +0 morningstar.
 14562 | Lair:4   | HP: 12/80 [skyshark (11)]
 14562 | Lair:4   | Slain by a six-headed hydra

Levels and vault maps discovered:
D:1:      minmay_arrival_arboretum_small, layout_rooms, serial_park_tiny_2
D:2:      layout_loops_cross
D:3:      layout_basic, chequers_big_river, fountainhead, uniq_ijyb,
          uniq_grinder
D:4:      layout_cave_pools, mainiacjoe_overflow_big_doors, eino_tiny_chamber,
          uniq_blork_the_orc, uniq_natasha
D:5:      layout_loops_ring, minmay_temple_entry_nine_rooms,
          serial_bayou_pond_d, amcnicky_mini_corridor_feature, eino_curves_04,
          uniq_menkaure
D:6:      layout_basic, nicolae_zen_rock_garden, grunt_ministairs_2,
          kennysheep_doodads
D:7:      layout_loops_ring, gammafunk_temple_overflow_wave,
          gammafunk_ghost_stat_death
D:8:      minmay_distorted_concentric_squares, layout_loops_corners,
          mainiacjoe_overflow_24_doors, grunt_gozag_breadcrumbs,
          biasface_ghost_orc_armoury
D:9:      minmay_inner_zag, layout_stronghold, mainiacjoe_overflow_two_lobes,
          serial_column_ruins, column_ruins_open_small_water,
          column_ruins_columns_dead_end, column_ruins_open_tiny,
          column_ruins_open_tiny, column_ruins_corridor_corner,
          column_ruins_open_tiny, minmay_guarded_unrand_variability, uniq_erica
D:10:     layout_cave_pools, dk_yredelemnul_ordeal,
          mainiacjoe_overflow_small_starburst, nicolae_overflow_crystal_walls,
          lair_entry_dummy, gammafunk_ghost_split
Temple:   chequers_temple_sunken
Lair:1:   layout_roguey, wad_woods_03, serial_bayou_shore_a
Lair:2:   layout_roguey, minmay_shoals_entry_lonely_mermaid,
          minmay_snake_entry_spellcaster, gauntlet_entry_generic
Lair:3:   layout_cave_pods, st_stairs_7, serial_bayou_crossing, uniq_nergalle
Lair:4:   layout_roguey, grunt_megastairs_3

Skill      XL: |  1  2  3  4  5  6  7  8  9 10 11 12 13 |
---------------+----------------------------------------+-----
Axes           | 2 3 5 6 7 8 9 11 12 | 12.0
Throwing       | 1 2 3 |  3.1
Fighting       | 4 5 6 7 9 |  9.5
Dodging        | 1 |  1.4
Armour         | 5 6 7 8 |  8.0
Shields        | 4 5 11 14 | 14.0
Invocations    | 4 8 10 | 10.0

Action                     |  1- 3 |  4- 6 |  7- 9 | 10-12 | 13-15 || total
---------------------------+-------+-------+-------+-------+-------++-------
  Melee: War axe           |   118 |   113 |   392 |   328 |       ||   951
         Broad axe         |       |       |       |   262 |   157 ||   419
         Morningstar       |       |       |       |     6 |    20 ||    26
  Throw: Boomerang         |     5 |    13 |    15 |    72 |    22 ||   127
         Javelin           |       |       |       |     4 |    33 ||    37
 Invoke: Heroism           |       |       |     4 |    24 |     7 ||    35
         Finesse           |       |       |       |     1 |       ||     1
    Use: Scroll            |     2 |     3 |    12 |     9 |     1 ||    27
         Potion            |       |     1 |     3 |     1 |       ||     5
   Stab: Distracted        |       |       |     1 |       |       ||     1
 Armour: Scale mail        |    21 |       |       |       |       ||    21
         Chain mail        |    62 |    67 |    66 |       |       ||   195
         Plate armour      |       |       |   252 |   431 |   108 ||   791
  Dodge: Dodged            |    45 |    46 |   128 |   187 |    40 ||   446
  Block: Buckler           |    14 |    22 |    70 |    77 |       ||   183
         Tower shield      |       |       |       |   214 |   157 ||   371

Table legend:
 A = Non-vault XP
 B = Vault XP
 C = Vault XP percentage of total XP
 D = Non-vault monster count
 E = Vault monster count
 F = Vault count percentage of total count
                 A         B        C        D         E       F
            +---------+---------+-------+---------+---------+-------
      Total |   33955 |   11318 |  25.0 |     300 |      44 |  12.8
            +---------+---------+-------+---------+---------+-------
        D:1 |      28 |       0 |   0.0 |      15 |       0 |   0.0
        D:2 |      56 |       0 |   0.0 |      19 |       0 |   0.0
        D:3 |      90 |     313 |  77.7 |      19 |       2 |   9.5
        D:4 |     542 |     132 |  19.6 |      30 |       2 |   6.2
        D:5 |     721 |     169 |  19.0 |      25 |       1 |   3.8
        D:6 |     772 |     209 |  21.3 |      18 |       5 |  21.7
        D:7 |    1178 |       0 |   0.0 |      12 |       0 |   0.0
        D:8 |    2023 |    1635 |  44.7 |      24 |       5 |  17.2
        D:9 |    4525 |    3191 |  41.4 |      32 |       7 |  17.9
       D:10 |    2210 |       2 |   0.1 |      17 |       2 |  10.5
     Lair:1 |    5144 |       0 |   0.0 |      23 |       0 |   0.0
     Lair:2 |    8676 |     884 |   9.2 |      33 |       2 |   5.7
     Lair:3 |    7990 |    1180 |  12.9 |      33 |       2 |   5.7
   Gauntlet |       0 |    3603 | 100.0 |       0 |      16 | 100.0
            +---------+---------+-------+---------+---------+-------
